 Dungeon Crawl Stone Soup version 0.21.1-1-g345015f (webtiles) character file.

35 sankara the Sneak (level 3, -7/16 HPs)
             Began as a Spriggan Enchanter on Feb 16, 2018.
             Mangled by an ogre
             ... wielding a +0 giant spiked club
              (18 damage)
             ... on level 4 of the Dungeon.
             The game lasted 00:05:54 (1556 turns).

sankara the Sneak (Spriggan Enchanter)              Turns: 1556, Time: 00:05:54

Health: -7/16      AC:  3    Str:  4    XL:     3   Next: 17%
Magic:  6/8        EV: 18    Int: 17    God:
Gold:   65         SH:  0    Dex: 16    Spells: 5/8 levels left

rFire    . . .     SeeInvis +   a - +1 dagger
rCold    . . .     Gourm    .   (shield restricted)
rNeg     . . .     Faith    .   b - +0 robe
rPois    .         Spirit   .   (helmet restricted)
rElec    .         Reflect  .   k - +0 cloak
rCorr    .         Harm     .   (gloves unavailable)
MR       .....                  (boots unavailable)
Stlth    ++........             (no amulet)
HPRegen  0.05/turn              i - ring of loudness (curse)
MPRegen  0.11/turn              (no ring)

@: very quick
A: very small, unfitting armour, see invisible, herbivore, speed 3, slow
metabolism 2
a: no special abilities


You were on level 4 of the Dungeon.
You were not hungry.

You visited 1 branch of the dungeon, and saw 4 of its levels.

You collected 65 gold pieces.

Inventory:

Hand Weapons
 a - a +1 dagger (weapon)
 j - a +0 hunting sling
Missiles
 f - 25 stones (quivered)
Armour
 b - a +0 robe (worn)
 k - a +0 cloak (worn)
Jewellery
 i - a cursed ring of loudness (left hand)
Scrolls
 h - a scroll of identify
 m - a scroll of remove curse {unknown}
Potions
 e - a potion of degeneration {unknown}
 g - 2 potions of might
Books
 c - a book of Maledictions

   Spells                             Type                      Level
   a - Corona                         Hexes                        1
   b - Ensorcelled Hibernation        Hexes/Ice                    2
   c - Confuse                        Hexes                        3
   d - Tukima's Dance                 Hexes                        3
   e - Dazzling Spray                 Conjuration/Hexes            3
Comestibles
 d - 7 rations


   Skills:
 - Level 1.1 Short Blades
 - Level 3.0 Dodging
 * Level 5.7 Stealth
 + Level 3.2 Spellcasting
 + Level 4.0 Hexes


You had 5 spell levels left.
You knew the following spells:

 Your Spells              Type           Power        Failure   Level  Hunger
a - Ensorcelled Hibernat  Hex/Ice        #.....       11%         2    ##.....
y - Corona                Hex            ###....      3%          1    None


Dungeon Overview and Level Annotations

Branches:
Dungeon (4/15)
 Temple: D:4-7

Altars:


Innate Abilities, Weirdness & Mutations

You are very small and have problems with some larger weapons.
You are too small for most types of armour.
You have supernaturally acute eyesight. (SInv)
You are a herbivore.
You cover ground extremely quickly.
You need consume almost no food.


Message History

Casting: Ensorcelled Hibernation
Confirm with . or Enter, or press ? or * to list all spells.
Aiming: Ensorcelled Hibernation
Press: ? - help, Shift-Dir - straight line, f - ogre
Aim: an ogre, wielding a giant spiked club (chance to defeat MR: 40%)
The ogre looks drowsy...
A phantom comes into view.
The helpless ogre fails to defend itself.
You impale the ogre!!
The ogre is severely wounded.
The ogre barely misses you.
You hit the ogre.
The ogre is almost dead.
The ogre hits you with a giant spiked club.
A worm comes into view.
You barely miss the ogre.
The ogre is almost dead.
The ogre hits you with a giant spiked club!!
Ouch! That really hurt!
You die...

,,,,,,,,..........<..#
,,,,,,,,....#.###....#
,,,,,,,,....#.###....#
,,,,,,,,.............#
,,,*,,,,,,*.#.####...#
,,,******#*,*,*###...#
,,,**,,,,...,,*#.....#
*****,,,,.....##.....#
*,,,,...W.wO@....#
*,,,,...#.##.##..#
*,,,,,,,#,*#.....#
*,,,,,,,*,*...#.##
*,,,,,,,,>$...#.#****
*******,,.....#..,,,****
*,...#.####**,,,,*
*....#.# **,**,*****
*,,,,*,* *,,,,,,,,,*


You could see a phantom, an ogre and a worm.

Vanquished Creatures
  An adder (D:3)
  2 leopard geckos
  A bat (D:1)
  8 goblins (D:1)
  2 hobgoblins (D:1)
  A frilled lizard (D:1)
  3 kobolds (D:1)
  7 rats
25 creatures vanquished.

Notes
Turn   | Place    | Note
-------+----------+-------------------------------------------
     0 | D:1      | sankara the Spriggan Enchanter began the quest for the Orb.
     0 | D:1      | Reached XP level 1. HP: 9/9 MP: 5/5
   292 | D:1      | Reached skill level 5 in Stealth
   292 | D:1      | Reached XP level 2. HP: 9/13 MP: 1/6
   296 | D:1      | Learned a level 2 spell: Ensorcelled Hibernation
  1425 | D:3      | Reached XP level 3. HP: 16/16 MP: 6/8
  1548 | D:4      | Noticed an ogre
  1553 | D:4      | Noticed a phantom
  1556 | D:4      | Mangled by an ogre

Skill      XL: |  1  2 |
---------------+-------+-----
Stealth        | 5 |  5.7
Spellcasting   | 3 |  3.2
Hexes          | 4 |  4.0
Short Blades   | |  1.1
Dodging        | |  3.0

Action                   || total
-------------------------++-------
Melee: Dagger            ||    63
 Cast: Corona            ||     5
       Ensorcelled Hiber ||    12
  Use: Scroll            ||     3
 Stab: Sleeping          ||    13
Armor: Robe              ||     3
Dodge: Dodged            ||    38
